Map: 10000 Feet LE

Players

Overmind

  • Race: Zerg Zerg
  • League: Diamond
  • Spawn Location: 5:00

PrtosMySalad - Winner!

  • Race: Terran Terran
  • League: Platinum
  • Spawn Location: 11:00

VOD

Have the link to the VOD?

Description

Time

  • Played on: April 6, 2026, 9:43 a.m.
  • Length: 3:12
Show
View Real Time Build Order
Export as new Build Order

Overmind Zerg 

Build Orders: Hatch First 

Get SALT Encoding   

  12  0:00  Drone  
  13  0:08  Drone  
  14  0:32  Hatchery  
  14  0:35  Drone  
  14  0:51  Spawning Pool  
  14  0:56  Extractor  
  13  0:57  Drone  
  13  1:01  Drone  
  14  1:14  Overlord  
  14  1:33  Drone  
  14  1:35  Drone x2  
  14  1:38  Queen  
  19  2:01  Drone x4  
  23  2:23  Zergling x6  
  23  2:24  Zergling x2  
  26  2:52  Zergling x2  
Show
View Real Time Build Order
Export as new Build Order

PrtosMySalad Terran - Winner!

Build Orders:  

Get SALT Encoding   

  12  0:01  SCV  
  13  0:13  SCV  
  14  0:20  Supply Depot  
  14  0:26  SCV  
  15  0:42  SCV  
  16  0:44  Barracks  
  16  0:54  SCV  
  17  1:06  SCV  
  19  1:18  SCV  
  19  1:25  Command Center  
  19  1:30  SCV  
  19  1:32  Refinery  
  20  1:33  Marine  
  20  1:34  Supply Depot  
  21  1:44  Refinery  
  21  1:45  SCV  
  22  1:51  Marine  
  23  1:57  SCV  
  23  1:58  Barracks  
  24  2:09  Marine  
  25  2:17  SCV  
  26  2:28  Reaper  
  26  2:29  SCV  
  28  2:38  Orbital Command  
  28  2:43  Orbital Command  
  28  2:47  Barracks  
  28  2:48  Barracks  
Tags
 
Add a new tag
Caveats
  • Supply blocks, unpowered buildings, or Contaminate may cause inaccurate times.
  • Supply counts are checked every 10 seconds.